Map: Terrasses de Prion

Players

iananas - Winner!

  • Race: Zerg Zerg
  • League: Gold

pupu

  • Race: Protoss Protoss
  • League: Gold

VOD

Have the link to the VOD?

Description

Time

  • Played on: April 16, 2016, 8:10 a.m.
  • Length: 15:00
Show
View Real Time Build Order
Export as new Build Order

iananas Zerg - Winner!

Build Orders: 3 Hatch before Pool, Lurkers 

Get SALT Encoding   

  12  0:01  Drone  
  13  0:13  Overlord  
  13  0:18  Drone  
  14  0:31  Drone x2  
  16  0:39  Drone  
  17  0:52  Hatchery  
  17  0:56  Drone  
  17  1:00  Drone  
  18  1:13  Drone  
  19  1:26  Hatchery  
  19  1:27  Drone  
  19  1:35  Extractor  
  18  1:42  Spawning Pool  
  18  1:44  Drone  
  18  1:52  Drone  
  18  1:53  Drone  
  20  2:17  Drone  
  20  2:18  Drone x3  
  24  2:34  Queen x2  
  28  2:39  Queen  
  28  2:42  Drone x3  
  33  2:46  Overlord  
  33  2:56  Zergling x2  
  34  3:04  Extractor  
  33  3:08  Roach Warren, Drone x6  
  33  3:10  Drone  
  39  3:22  Queen  
  39  3:27  Overlord  
  41  3:41  Overlord x2  
  41  3:44  Queen  
  43  3:51  Drone x6  
  43  3:52  Drone  
  50  3:56  Overlord x2  
  50  4:02  Drone x3  
  53  4:03  Drone x4  
  53  4:07  Extractor  
  53  4:09  Extractor  
  55  4:28  Roach x11  
  77  4:47  Pneumatized Carapace  
  77  5:12  Overlord x2  
  77  5:13  Overlord x2  
  77  5:24  Evolution Chamber, Extractor x2  
  77  5:25  Evolution Chamber  
  77  5:27  Overlord  
  77  5:28  Overlord  
  73  5:39  Zergling x4  
  75  5:49  Roach x11  
  109  5:50  Roach x6  
  109  5:58  Lair  
  109  6:10  Drone x5  
  114  6:14  Zerg Missile Weapons Level 1  
  114  6:24  Overlord x2  
  114  6:34  Overlord x2  
  114  6:44  Drone x4  
  114  6:45  Drone x4  
  122  7:02  Glial Reconstitution  
  122  7:07  Zerg Ground Armor Level 1  
  122  7:08  Hydralisk Den  
  120  7:10  Roach x5  
  120  7:11  Roach x3  
  120  7:14  Overlord x2  
  120  7:15  Overlord x6  
  136  7:54  Ravager x5  
  136  7:55  Ravager  
  142  8:06  Hydralisk x8  
  142  8:07  Hydralisk x2  
  142  8:09  Overlord  
  162  8:17  Muscular Augments  
  162  8:31  Overseer  
  162  8:32  Hatchery  
  162  8:33  Overseer x2  
  162  8:34  Overseer x2  
  161  9:08  Spire  
  160  9:13  Infestation Pit, Hydralisk  
  160  9:14  Hydralisk x6  
  173  9:45  Drone x10  
  178  9:46  Drone x6  
  189  10:03  Hive  
  189  10:05  Burrow  
  167  11:10  Drone x6  
  173  11:30  Extractor, Greater Spire  
  173  11:31  Overlord x5  
  173  11:32  Overlord  
  172  11:34  Extractor  
  172  11:35  Lurker Den  
  166  12:34  Roach  
  166  12:35  Roach x25  
  166  12:36  Roach  
  177  12:47  Corruptor x2  
  177  12:48  Corruptor x2  
  176  13:01  Zerg Flyer Armor Level 1  
  176  13:06  Lurker x10  
  186  13:39  Brood Lord x4  
  194  14:31  Hydralisk x3  
Show
View Real Time Build Order
Export as new Build Order

pupu Protoss 

Build Orders:  

Get SALT Encoding   

  12  0:01  Probe (Chrono Boost)  
  13  0:11  Probe (Chrono Boost)  
  14  0:21  Pylon  
  14  0:25  Probe (Chrono Boost)  
  15  0:39  Probe (Chrono Boost)  
  15  0:41  Gateway  
  16  0:50  Probe (Chrono Boost)  
  17  1:04  Forge  
  17  1:05  Probe (Chrono Boost)  
  18  1:15  Assimilator  
  18  1:17  Probe (Chrono Boost)  
  19  1:27  Probe (Chrono Boost)  
  20  1:35  Cybernetics Core  
  20  1:40  Photon Cannon  
  20  1:46  Pylon  
  21  1:47  Probe (Chrono Boost)  
  21  1:57  Probe (Chrono Boost)  
  22  2:06  Assimilator  
  22  2:08  Probe (Chrono Boost), Zealot  
  25  2:19  Probe (Chrono Boost)  
  25  2:22  Warp Gate (Chrono Boost)  
  26  2:29  Probe (Chrono Boost)  
  27  2:40  Probe (Chrono Boost)  
  28  2:44  Nexus, Adept  
  28  2:50  Probe  
  31  2:58  Pylon  
  31  3:07  Gateway  
  31  3:12  Pylon  
  31  3:16  Probe, Sentry  
  34  3:21  Protoss Ground Weapons Level 1  
  34  3:28  Probe  
  34  3:32  Twilight Council  
  35  3:40  Probe  
  36  3:41  Pylon  
  36  3:52  Adept  
  38  3:57  Probe  
  38  3:58  Probe  
  40  4:06  Gateway  
  40  4:09  Probe  
  41  4:20  Probe  
  41  4:21  Probe  
  41  4:22  Robotics Facility  
  43  4:34  Stalker  
  43  4:35  Resonating Glaives (Chrono Boost)  
  45  4:41  Probe  
  45  4:42  Probe  
  43  5:12  Stalker  
  45  5:15  Immortal  
  45  5:17  Protoss Ground Armor Level 1 (Chrono Boost)  
  45  5:18  Stalker  
  51  5:24  Probe  
  51  5:26  Probe  
  51  5:27  Assimilator  
  53  5:29  Assimilator  
  53  5:35  Probe  
  53  5:38  Probe  
  55  5:44  Pylon  
  55  5:48  Mothership Core  
  55  5:49  Stalker, Pylon  
  59  5:54  Zealot  
  59  5:55  Zealot  
  63  6:06  Probe  
  63  6:08  Immortal  
  63  6:09  Probe  
  69  6:17  Blink  
  69  6:18  Probe  
  69  6:21  Probe  
  71  6:26  Nexus  
  71  6:30  Pylon  
  71  6:31  Gateway  
  71  6:33  Gateway  
  71  6:37  Gateway  
  71  6:40  Sentry x2  
  75  6:51  Pylon  
  75  6:53  Pylon  
  75  6:55  Stalker  
  77  7:12  Probe x2  
  79  7:22  Pylon  
  79  7:24  Pylon  
  79  7:25  Assimilator  
  79  7:30  Assimilator  
  79  7:33  Gateway  
  79  7:34  Photon Cannon, Gateway  
  79  7:37  Gateway  
  79  7:38  Gateway  
  79  7:39  Probe x3  
  79  7:40  Pylon  
  79  7:42  Pylon  
  79  7:43  Stalker  
  79  7:44  Stalker x2  
  86  7:46  Pylon  
  92  7:51  Immortal  
  92  7:56  Protoss Shields Level 1 (Chrono Boost)  
  92  8:04  Charge  
  92  8:12  Probe  
  92  8:13  Probe x2  
  95  8:27  Stalker x4  
  95  8:28  Stalker  
  105  8:35  Warp Prism (Chrono Boost)  
  107  8:51  Pylon  
  107  8:54  Pylon  
  107  9:00  Pylon  
  107  9:02  Pylon  
  107  9:07  Photon Cannon  
  107  9:08  Photon Cannon, Observer (Chrono Boost)  
  108  9:12  Photon Cannon  
  108  9:15  Photon Cannon  
  108  9:17  Stalker  
  108  9:18  Stalker  
  108  9:21  Sentry x4  
  108  9:22  Pylon  
  120  9:27  Pylon  
  120  9:29  Immortal (Chrono Boost)  
  124  9:34  Stalker  
  124  9:35  Stalker  
  128  9:45  Stalker x3  
  134  9:59  Adept x2  
  138  10:00  Adept x2  
  142  10:34  Adept x5  
  142  10:35  Adept x5  
  131  11:18  Stalker x6  
  135  11:19  Stalker x4  
  151  11:26  Protoss Ground Weapons Level 2 (Chrono Boost)  
  151  11:31  Immortal  
  155  11:39  Nexus  
  155  11:48  Stalker x3  
  155  11:49  Stalker x3  
  155  11:50  Stalker  
  167  12:13  Zealot x4  
  167  12:14  Zealot x3  
  87  12:51  Zealot x7  
  75  12:52  Zealot x2  
  79  13:09  Observer  
  79  13:12  Sentry x2  
  82  13:13  Sentry x5  
  94  13:28  Probe x2  
  96  13:35  Stalker x3  
  102  13:54  Stalker x2  
  102  13:55  Stalker  
  108  13:57  Sentry x3  
  114  14:07  Assimilator  
  114  14:10  Assimilator  
  114  14:13  Pylon  
  114  14:16  Pylon  
  102  14:25  Stalker x2  
  102  14:26  Stalker x3  
  110  14:41  Photon Cannon  
Tags
 
Add a new tag
Caveats
  • Supply blocks, unpowered buildings, or Contaminate may cause inaccurate times.
  • Supply counts are checked every 10 seconds.